 Dungeon Crawl Stone Soup version 0.31-a0-1165-g196b491b36 (webtiles) character file.

Game seed: 8699188030277149285

934 avis the Caller (level 8, -4/60 (63) HPs)
             Began as a Hill Orc Summoner on Dec 9, 2023.
             Slain by a wight
             ... wielding a +3 great sword
              (9 damage)
             ... on level 5 of the Dungeon.
             The game lasted 00:28:35 (6892 turns).

avis the Caller (Hill Orc Summoner)                 Turns: 6892, Time: 00:28:35

HP:   -4/60 (63)    AC:  3    Str: 11    XL:     8   Next: 11%
MP:   7/15          EV: 12    Int: 20    God:
Gold: 233           SH:  0    Dex: 11    Spells: 4/17 levels left

rFire   . . .        b - +7 sling "Qace" {freeze, Int+3}
rCold   . . .        (no shield)
rNeg    . . .        e - +0 robe
rPois   .            x - +0 helmet
rElec   .            (no cloak)
rCorr   .            (no gloves)
SInv    .            (no boots)
Will    +....        t - amulet of faith
Stlth   ++           k - ring of wizardry
HPRegen 0.30/turn    q - ring of willpower
MPRegen 0.14/turn

%: faith, wizardry (x1)
@: lightly drained
A: no striking features
a: no special abilities


You were on level 5 of the Dungeon.
You visited 1 branch of the dungeon, and saw 6 of its levels.

You collected 233 gold pieces.

Inventory:

Hand Weapons
 a - a +0 rapier
 b - the +7 sling "Qace" (weapon) {freeze, Int+3}
   (You found it on level 2 of the Dungeon)

   Int+3:     It affects your intelligence (+3).
 j - a +0 halberd
 D - a +0 dagger of electrocution
 F - a +0 halberd
 G - a +0 spear
 H - a +0 halberd
 K - a +0 trident
Missiles
 d - 8 boomerangs
 g - 18 poisoned darts
Armour
 e - a +0 robe (worn)
 h - a +0 chain mail
 r - a +0 chain mail
 u - an orb of wrath
 w - a +0 leather armour
 x - a +0 helmet (worn)
 I - a +0 chain mail
 Q - a +0 chain mail
Jewellery
 k - a ring of wizardry (left hand)
 l - an amulet of guardian spirit
 q - a ring of willpower (right hand)
 t - an amulet of faith (around neck)
 O - a ring of see invisible
 P - a ring of fire
Wands
 v - a wand of iceblast (12)
 y - a wand of charming (12)
 M - a wand of quicksilver (12)
Scrolls
 c - 2 scrolls of revelation {unknown}
 i - a scroll of poison
 s - 2 scrolls of teleportation {unknown}
 A - a scroll of noise {unknown}
 E - a scroll of immolation {unknown}
 L - 2 scrolls of blinking {unknown}
 N - a scroll of fog {unknown}
Potions
 f - a potion of brilliance
 m - 2 potions of degeneration
 n - a potion of berserk rage
 o - a potion of cancellation
 p - a potion of magic
 z - 2 potions of haste
 B - 2 potions of attraction
 C - a potion of heal wounds
 J - a potion of curing


   Skills:
 - Level 3.0 Fighting
 - Level 1.5 Dodging
 - Level 1.5 Stealth
 * Level 5.2 Spellcasting
 + Level 6.8 Summonings


You had 4 spell levels left.
You knew the following spells:

 Your Spells              Type           Power      Damage    Failure   Level
a - Summon Small Mammal   Summ           100%       N/A       1%          1
c - Call Imp              Summ           64%        N/A       1%          2
d - Call Canine Familiar  Summ           32%        N/A       1%          3
g - Summon Guardian Gole  Hex/Summ       18%        N/A       3%          3
l - Summon Lightning Spi  Summ/Air       18%        N/A       12%         4

Your spell library contained the following spells:

 Spells                   Type           Power      Damage    Failure   Level
 Ignite Poison            Fire/Tmut/Pois 5%         N/A       14%         3
 Sticky Flame             Conj/Fire      5%         2d3       41%         4
 Ignition                 Fire           2%         3d3       100%        8


Dungeon Overview and Level Annotations

Branches:
Dungeon (6/15)
 Temple: D:4-7

Altars:
Ashenzari
Cheibriados
Gozag
Okawaru
Qazlal
Wu Jian
Zin

Shops:
D:1 =


Message History

Things that are here:
a +0 leather armour; a +0 hand axe; an orc corpse You swap places.
Things that are here:
a +0 hand axe; an orc skeleton
There is a stone staircase leading down, spattered with blood here.
Things that are here:
a +0 short sword; a +0 robe You start resting.
Your hound disappears in a puff of smoke!
Your cerulean imp disappears in a puff of smoke!
Your guardian golem disappears in a puff of smoke!
Magic restored.
You start resting.
HP restored.
Search for what [Enter for "."]? .
You climb downwards.
The wight closely misses you.
The wight hits you with a +3 great sword!!
There is a stone staircase leading up, spattered with blood here.
The wight hits you with a +3 great sword.
You climb upwards.
There is a stone staircase leading down, spattered with blood here.
Things that are here:
a +0 robe; a +0 short sword
Casting: Summon Guardian Golem (dangerous; 3% risk of failure)
Confirm with . or Enter, or press ? or * to list all spells.
The wight closely misses you.
Casting: Call Canine Familiar (safe; 1% risk of failure)
Confirm with . or Enter, or press ? or * to list all spells.
A tiny devil pulls itself out of the air.
Your hound bites the wight but does no damage.
The wight hits you with a +3 great sword!
Casting: Call Imp (safe; 1% risk of failure)
Confirm with . or Enter, or press ? or * to list all spells.
A guardian golem appears, shielding your allies.
Your hound bites the wight.
The wight hits you with a +3 great sword!!
* * * LOW HITPOINT WARNING * * *
You feel drained.
You die...

#######.###.#.#......####
#.......#.....####...#
#.......#.#.##.).....###
#.......#.#....###.....#
#.......#.########...#.#
#.......#.# #......)##.#
#####'###.###.########.##
##########.###.5)รท...........###
...............)@zh.#.#.#.#....#
########..###.####9.......#).#.#
#...## #.###.......#.#..#.#
##.### #.##..#.....#....#.#
#..### #.##............##.#
##....# #.##..#....##.####.#
####.....####'##..#.....#.####.##
#....#.........#..##.#...........
#.####.........#.....##.#.#######


You could see a wight (ally target), a friendly guardian golem (summoned), a
friendly hound (summoned, sheltered) and a friendly cerulean imp (summoned,
sheltered).

Vanquished Creatures
  2 ogres
  A centaur (D:6)
  A scorpion (D:5)
  A howler monkey (D:5)
  A jelly (D:5)
  2 iguanas (D:4)
  Ijyb (D:3)
  Robin (D:3)
  9 gnolls
  3 adders
  An ufetubus (D:5)
  2 worms
  A dart slug (D:5)
  2 orcs
  6 endoplasms
  A giant cockroach (D:2)
  4 goblins
  6 hobgoblins
  6 jackals
  3 kobolds
  A quokka (D:1)
  2 ball pythons
  3 bats
  2 frilled lizards
  3 rats
65 creatures vanquished.

Vanquished Creatures (collateral kills)
  A black bear (D:5)
  A wight (D:5)
  A howler monkey (D:5)
  A hound (D:5)
  An adder (D:5)
  An ufetubus (D:5)
  2 dart slugs
  3 orcs (D:5)
  3 ball pythons (D:1)
  A bat (D:1)
  3 endoplasms
  2 giant cockroaches (D:1)
  A goblin (D:3)
  3 hobgoblins
  A jackal (D:1)
  4 quokkas
  3 frilled lizards (D:1)
  2 kobolds
  2 rats
36 creatures vanquished.

Vanquished Creatures (others)
  An iguana (D:4)
1 creature vanquished.

Grand Total: 102 creatures vanquished

Notes
Turn   | Place    | Note
-------+----------+-------------------------------------------
     0 | D:1      | avis the Hill Orc Summoner began the quest for the Orb.
     0 | D:1      | Reached XP level 1. HP: 14/14 MP: 3/3
   278 | D:1      | Reached XP level 2. HP: 8/22 MP: 1/4
   387 | D:1      | Learned a level 2 spell: Call Imp
   510 | D:1      | Reached skill level 1 in Fighting
   678 | D:1      | You fall into a shaft and drop 1 floor!
   734 | D:1      | Found Kiepoitu's Jewellery Shop.
   922 | D:1      | Reached XP level 3. HP: 28/28 MP: 1/6
   969 | D:1      | Learned a level 3 spell: Call Canine Familiar
  1386 | D:2      | Found an iron altar of Okawaru.
  1740 | D:2      | Identified the +7 sling "Qace" {freeze, Int+3}
  2858 | D:3      | Reached XP level 4. HP: 36/36 MP: 7/7
  2859 | D:3      | Noticed Robin
  2861 | D:3      | Noticed Ijyb
  2870 | D:3      | Killed Ijyb
  2878 | D:3      | Killed Robin
  3132 | D:3      | Found a glowing silver altar of Zin.
  3349 | D:3      | Noticed an ogre
  3353 | D:3      | Killed an ogre
  3354 | D:3      | Reached skill level 5 in Summonings
  3354 | D:3      | Reached XP level 5. HP: 42/42 MP: 7/9
  3358 | D:3      | Learned a level 3 spell: Summon Guardian Golem
  3361 | D:3      | Found a stormy altar of Qazlal.
  3781 | D:4      | Found an ornate altar of the Wu Jian Council.
  4075 | D:4      | Reached XP level 6. HP: 45/50 MP: 10/10
  4599 | D:4      | Found an opulent altar of Gozag.
  4649 | D:4      | Found a snail-covered altar of Cheibriados.
  4961 | D:5      | Entered Level 5 of the Dungeon
  5432 | D:5      | Reached skill level 6 in Summonings
  5432 | D:5      | Reached XP level 7. HP: 57/57 MP: 11/13
  5847 | D:5      | Found a broken altar of Ashenzari.
  6228 | D:5      | Learned a level 4 spell: Summon Lightning Spire
  6383 | D:6      | Reached skill level 5 in Spellcasting
  6627 | D:5      | Reached XP level 8. HP: 52/63 MP: 3/15
  6892 | D:5      | Slain by a wight

Illustrated notes

Levels and vault maps discovered:
D:1:      minmay_arrival_jagged, layout_rooms, serial_shops, shop,
          minmay_3d_cube
D:2:      kennysheep_six_static_rooms, layout_basic, basic_altar,
          minmay_crystal_water
D:3:      layout_loops_corners, nicolae_qazlal_scattered_showers,
          lemuel_round_altar, nicolae_goblin_pals
D:4:      layout_basic, lemuel_doored_altar, cheibrodos_worm_habitat,
          lemuel_tele_altar, uniq_ijyb
D:5:      layout_basic, ashenzari_altar_1
D:6:      layout_loops_ring, lemuel_round_altar, uniq_grinder

Skill      XL: |  1  2  3  4  5  6  7 |
---------------+----------------------+-----
Fighting       | 1 2 3 |  3.0
Spellcasting   | 2 3 4 5 |  5.2
Summonings     | 5 6 |  6.8
Dodging        | |  1.5
Stealth        | |  1.5

Action                     |  1- 3 |  4- 6 |  7- 9 || total
---------------------------+-------+-------+-------++-------
  Melee: Unarmed           |    47 |       |       ||    47
         Rapier            |    19 |       |       ||    19
   Fire: Sling             |    15 |    83 |    39 ||   137
   Cast: Summon Small Mamm |    35 |       |       ||    35
         Call Imp          |     4 |       |     6 ||    10
         Call Canine Famil |     8 |     3 |     7 ||    18
         Summon Guardian G |       |     2 |     6 ||     8
    Use: Scroll            |       |     9 |       ||     9
 Armour: Robe              |    44 |    18 |    46 ||   108
  Dodge: Dodged            |    44 |    27 |    42 ||   113

Table legend: (Time is in decaauts)
 A = Elapsed time spent in this place.
 B = Non-inter-level travel time spent in this place.
 C = Inter-level travel time spent in this place.
 D = Time resting spent in this place.
 E = Time spent auto-exploring this place.
 F = Levels seen in this place.
 G = Mean time per level.
                   A        B        C        D        E       F      G
               +--------+--------+--------+--------+--------+-----+--------+
         Total |   6968 |   6239 |    729 |   1710 |   3311 |   6 | 1161.3 |
       Dungeon |   6968 |   6239 |    729 |   1710 |   3311 |   6 | 1161.3 |
               +--------+--------+--------+--------+--------+-----+--------+

Top non-repeatable levels by time:
     D:5: 1782 daAuts
     D:2: 1419 daAuts
     D:1: 1373 daAuts
     D:4: 1201 daAuts
     D:3: 1170 daAuts
     D:6: 19 daAuts
